 Dungeon Crawl Stone Soup version 0.31.0-11-ge490571c62 (webtiles) character file.

Game seed: 9402661411872640995

599 inmateoo the Chopper (level 7, -1/61 HPs)
             Began as a Minotaur Fighter on Jan 30, 2024.
             Was an Elder of Zin.
             Slain by a gnoll
             ... wielding a +0 flail
              (4 damage)
             ... on level 5 of the Dungeon.
             The game lasted 00:03:27 (3330 turns).

inmateoo the Chopper (Minotaur Fighter)             Turns: 3330, Time: 00:03:28

Health: -1/61      AC:  7    Str: 23    XL:     7   Next: 17%
Magic:  6/6        EV: 10    Int:  5    God:    Zin [****..]
Gold:   209        SH:  4    Dex:  9    Spells: 6/6 levels left

rFire   . . .        a - +1 war axe
rCold   . . .        c - +0 buckler
rNeg    . . .        b - +0 scale mail
rPois   .            (helmet restricted)
rElec   .            (no cloak)
rCorr   .            (no gloves)
SInv    .            (no boots)
Will    .....        (no amulet) Stlth
                     (no ring)
HPRegen 0.30/turn    (no ring)
MPRegen 0.10/turn

%: no passive effects
@: no status effects
A: horns 2, retaliatory headbutt
a: Renounce Religion, Recite, Vitalisation, Imprison, Donate Gold


You were on level 5 of the Dungeon.
You worshipped Zin.
Zin was greatly pleased with you.
You visited 1 branch of the dungeon, and saw 5 of its levels.

You collected 232 gold pieces.
You donated 23 gold pieces to Zin.

Inventory:

Hand Weapons
 a - a +1 war axe (weapon)
 s - a +0 heavy morningstar
Armour
 b - a +0 scale mail (worn)
 c - a +0 buckler (worn)
Jewellery
 u - a +6 ring of dexterity
Scrolls
 f - a scroll of enchant armour {unknown}
 g - a scroll of poison {unknown}
 i - 3 scrolls of identify
 k - a scroll of teleportation
 l - a scroll of revelation {unknown}
 n - 2 scrolls of amnesia
 o - 2 scrolls of enchant weapon
 q - a scroll of fear {unknown}
 t - a scroll of immolation
 v - a scroll of vulnerability
Potions
 d - a potion of might
 e - a potion of cancellation {unknown}
 h - 3 potions of attraction
 j - 3 potions of curing {unknown}
 m - a potion of lignification {unknown}
 p - a potion of berserk rage {unknown}
 r - a potion of enlightenment {unknown}


   Skills:
 + Level 5.3 Fighting
 * Level 5.9 Axes
 + Level 5.2 Armour
 + Level 2.9 Dodging
 + Level 5.1 Shields


You had 6 spell levels left.
You didn't know any spells.
Your spell library contained the following spells:

 Spells                   Type           Power      Damage    Failure   Level
 Blink                    Tloc           0%         N/A       93%         2
 Ensorcelled Hibernation  Hex/Ice        0%         N/A       93%         2
 Lesser Beckoning         Tloc           0%         N/A       93%         2
 Momentum Strike          Conj/Tloc      0%         3d8       93%         2
 Frozen Ramparts          Ice            0%         1d1       99%         3
 Passwall                 Erth           0%         N/A       99%         3
 Swiftness                Air            0%         N/A       99%         3
 Leda's Liquefaction      Alch/Erth      0%         N/A       100%        4
 Petrify                  Alch/Erth      0%         N/A       100%        4
 Metabolic Englaciation   Hex/Ice        0%         N/A       100%        5


Dungeon Overview and Level Annotations

Branches:
Dungeon (5/15)
 Temple: D:4-7

Altars:
Gozag
Zin

Annotations:
D:4 3 runed translucent doors, pussy's ghost, amateur MfSh


Innate Abilities, Weirdness & Mutations

You have a pair of horns on your head.
You reflexively headbutt those who attack you in melee.


Message History

The ufetubus hits you but does no damage.
The gnoll hits you from afar with a +0 halberd!
You block the gnoll's attack.
The gnoll moves out of view.
There are monsters nearby!
You barely miss the ufetubus. You headbutt the ufetubus!
The ufetubus is severely wounded.
The ufetubus closely misses you. You furiously retaliate!
You headbutt the ufetubus!
You kill the ufetubus!
The gnoll closely misses you. x2
There are monsters nearby!
The gnoll hits you with a +0 halberd! The gnoll hits you with a +0 flail.
You block the gnoll's attack.
You barely miss the gnoll. You slash the gnoll! x2
The gnoll hits you with a +0 halberd! The gnoll hits you but does no damage.
You hit the gnoll.
You kill the gnoll!
You slash the gnoll!
You kill the gnoll!
You barely miss the gnoll.
The gnoll hits you with a +0 halberd! x2
* * * LOW HITPOINT WARNING * * *
The gnoll closely misses you.
You completely miss the gnoll. Your headbutt misses the gnoll.
You slash the gnoll! The gnoll hits you with a +0 flail!
* * * LOW HITPOINT WARNING * * *
The gnoll hits you but does no damage.
You slash the gnoll! You headbutt the gnoll.
The gnoll is almost dead.
You barely miss the gnoll. The gnoll barely misses you.
You furiously retaliate!
You headbutt the gnoll, but do no damage.
The gnoll hits you with a +0 halberd.
* * * LOW HITPOINT WARNING * * *
You hit the gnoll.
You kill the gnoll!
You barely miss the gnoll. You block the gnoll's attack.
You barely miss the gnoll.
The gnoll is heavily wounded.
The gnoll hits you with a +0 flail.
You die...

##.........### ..
............ #.
#.#...##.#
##.###........#
......#.#.#..# #
#.##..#...#..###
#.##.##....###....##
#......#.### #.....#
#....@)+.# ####..#
......)g.### #..#
.###.....#
#######..# ........
.........#
########..
....###.##
.........#.## #
............###
.........##....
.##... #....


You could see a gnoll.

Vanquished Creatures
  Menkaure (D:4)
  A phantom (D:4)
  2 scorpions (D:5)
  A jelly (D:3)
  Terence (D:2)
  6 gnolls
  7 adders
  A white imp (D:3)
  2 ufetubi (D:5)
  2 dart slugs
  A ribbon worm (D:3)
  8 orcs
  4 ball pythons
  4 bats
  3 endoplasms
  3 giant cockroaches
  8 goblins
  5 hobgoblins
  5 quokkas
  4 frilled lizards
  5 kobolds
  8 rats
82 creatures vanquished.

Notes
Turn   | Place    | Note
-------+----------+-------------------------------------------
     0 | D:1      | inmateoo the Minotaur Fighter began the quest for the Orb.
     0 | D:1      | Reached XP level 1. HP: 19/19 MP: 0/0
   157 | D:1      | Reached XP level 2. HP: 23/27 MP: 1/1
   288 | D:1      | Found a faded altar of an unknown god.
   637 | D:1      | Prayed at the altar of an unknown god.
   637 | D:1      | Became a worshipper of Zin the Law-Giver
   637 | D:1      | Reached * piety under Zin
   803 | D:2      | Reached ** piety under Zin
  1019 | D:2      | Reached XP level 3. HP: 28/33 MP: 2/2
  1065 | D:2      | Noticed Terence
  1073 | D:2      | Killed Terence
  1074 | D:2      | Reached skill level 1 in Dodging
  1811 | D:3      | Reached XP level 4. HP: 40/40 MP: 3/3
  2140 | D:3      | Reached *** piety under Zin
  2145 | D:3      | Reached XP level 5. HP: 36/47 MP: 4/4
  2587 | D:4      | Noticed a phantom
  2593 | D:4      | Killed a phantom
  2604 | D:4      | Noticed Menkaure
  2606 | D:4      | Reached XP level 6. HP: 32/53 MP: 5/5
  2612 | D:5      | Entered Level 5 of the Dungeon
  2714 | D:5      | Reached skill level 5 in Axes
  2747 | D:4      | Killed Menkaure
  2748 | D:4      | Reached skill level 5 in Fighting
  2748 | D:4      | Reached skill level 5 in Armour
  2748 | D:4      | Reached skill level 5 in Shields
  2863 | D:4      | Found a runed translucent gate.
  3119 | D:4      | Found a runed translucent gate.
  3119 | D:4      | Found a runed translucent gate.
  3123 | D:4      | Noticed pussy's ghost (amateur MfSh)
  3146 | D:4      | Found an opulent altar of Gozag.
  3150 | D:4      | Reached **** piety under Zin
  3295 | D:5      | Reached XP level 7. HP: 61/61 MP: 6/6
  3328 | D:5      | HP: 2/61 [gnoll/+0 halberd (3)]
  3330 | D:5      | Slain by a gnoll

Illustrated notes

Levels and vault maps discovered:
D:1:      sevenhm_arrival_forest_fort_small_4, layout_loops_ring,
          dreamdust_ecumenical_altar_hidden_monk_grotto
D:2:      layout_loops_corners, minmay_split_cup_small, uniq_terence
D:3:      minmay_diamond_boxcup, layout_loops_ring, minmay_between
D:4:      layout_cave_pools, grunt_gozag_breadcrumbs, ebering_ghost_rock_garden,
          minmay_misc_feat_roman, uniq_menkaure
D:5:      layout_basic, chequers_temple_overflow_statue_of_worship,
          minmay_temple_entry_statues, uniq_duvessa

Skill      XL: |  1  2  3  4  5  6 |
---------------+-------------------+-----
Axes           | 3 4 5 |  5.9
Fighting       | 4 5 |  5.3
Armour         | 4 5 |  5.2
Dodging        | 1 2 |  2.9
Shields        | 4 5 |  5.1

Action                     |  1- 3 |  4- 6 |  7- 9 || total
---------------------------+-------+-------+-------++-------
  Melee: War axe           |    60 |   102 |     9 ||   171
         Headbutt          |     5 |    18 |     2 ||    25
    Use: Scroll            |    10 |       |       ||    10
         Potion            |     1 |       |       ||     1
 Armour: Scale mail        |    34 |    74 |    14 ||   122
  Dodge: Dodged            |    27 |    40 |     8 ||    75
  Block: Buckler           |     9 |    27 |     3 ||    39
